Cogmind - Beta 12 --- EXPLORER MODE // 2023.10.08 @ 19:26:23 Player: Analote Result: Core destroyed Performance ------------- Evolutions (7) 3500 Regions Visited (16) 3200 Robots Destroyed (223) 1115 Value Destroyed (10721) 10721 Prototype IDs (19) 380 Alien Tech Used (0) 0 Bonus (1906) 1906 TOTAL SCORE: 20822 Bonus ------- High Alert Combat Kills 218 Follower Combat Kills 1520 Network Hubs Disabled 200 Built Enhanced Grunts 300 Friendly Fire -332 Cogmind --------- Core Integrity 0/1300 Matter 123/550 Energy 211/270 System Corruption 16% Temperature Critical (702) Movement Treading (152) Location -3/Research Parts ------- > --- POWER (3) -------- Micro Fission Core Light Antimatter Reactor Micro Antimatter Reactor > --- PROPULSION (6) --- Improved Heavy Treads Improved Heavy Treads Advanced Heavy Treads > --- UTILITY (9) ------ Advanced Heat Sink Large Storage Unit Matter Compressor Enhanced Optical Array Layered Light Armor Plating Layered Medium Armor Plating Graphene Brace Long-range Tractor Beam Advanced Recalibrator > --- WEAPON (4) ------- Phase Gun Hardcell Cannon Hardcell Cannon > --- INVENTORY (15) --- Advanced Heat Sink Disruptor Cannon Hypervelocity Mass Driver Faulty Light Antimatter Cannon Peak State ------------ > --- POWER ------------ Micro Fission Core Micro Fission Core Cooled Antimatter Reactor > --- PROPULSION ------- Armored Medium Treads Biometal Medium Treads Advanced Heavy Siege Treads Advanced Heavy Siege Treads > --- UTILITY ---------- Advanced Heat Sink Small Battery Enhanced Optical Array Advanced Targeting Computer Core Analyzer Quantum Capacitor Improved Light Armor Plating Improved Focal Shield > --- WEAPON ----------- Gamma Rifle Wave Gun Phase Gun Dispersion Rifle > --- INVENTORY -------- Improved Heavy Treads Advanced Heat Sink Disruptor Cannon [Rating: 142] Favorites ----------- Power Micro Fission Core Engine Light Ion Engine Power Core Micro Fission Core Reactor Quantum Reactor Propulsion Improved Treads Treads Improved Treads Leg Aluminum Leg Flight Unit Improved Flight Unit Utility Advanced Heat Sink Device Advanced Heat Sink Storage Small Storage Unit Processor Armor Integrity Analyzer Protection Centrium Medium Armor Plating Weapon Hardcell Cannon Energy Gun Phase Gun Energy Cannon Long-range Proton Cannon Ballistic Gun Railgun Ballistic Cannon Hardcell Cannon Launcher Precision Grenade Launcher Slashing Weapon Great Axe Build | -11 -10 -9 -8 -7 -6 -6 -6 -6 -6 -5 -5 -5 -4 -4 -4 -3 ------- Run | Jun Mat Mat Mat Fac Fac Ext Cet Arc Hub Fac Upp Upp Fac Upp Upp Res Slots Evolved 15 | . 1 2 2 2 2 . . . . 2 . . 2 . . 2 Power 2 | . . . 1 . . . . . . . . . 1 . . . Propulsion 4 | . . 1 1 1 1 . . . . . . . . . . . Utility 7 | . 1 1 . 1 1 . . . . 1 . . . . . 2 Weapon 2 | . . . . . . . . . . 1 . . 1 . . . Parts Attached 184 | 5 6 14 2 11 12 16 11 4 1 18 2 1 39 1 4 37 Power 33 | 1 . 4 1 3 3 6 2 . . 1 1 . 7 . . 4 Engine 16 | 1 . 4 1 1 3 4 . . . 1 1 . . . . . Core 7 | . . . . 2 . 1 1 . . . . . 3 . . . Reactor 10 | . . . . . . 1 1 . . . . . 4 . . 4 Propulsion 36 | 2 1 3 1 1 3 2 1 3 . 3 1 . 7 . 2 6 Treads 23 | . . . . . . . 1 3 . 3 1 . 7 . 2 6 Leg 3 | 2 1 . . . . . . . . . . . . . . . Wheel . | . . . . . . . . . . . . . . . . . Hover . | . . . . . . . . . . . . . . . . . Flight 10 | . . 3 1 1 3 2 . . . . . . . . . . Utility 62 | 2 1 3 . 4 6 2 5 . 1 7 . . 13 1 1 16 Device 33 | . . 1 . 1 3 2 1 . 1 6 . . 6 1 1 10 Storage 5 | 1 . 1 . . . . . . . . . . . . . 3 Processor 9 | 1 . . . 1 1 . . . . . . . 6 . . . Hackware . | . . . . . . . . . . . . . . . . . Protection 15 | . 1 1 . 2 2 . 4 . . 1 . . 1 . . 3 Artifact . | . . . . . . . . . . . . . . . . . Weapon 53 | . 4 4 . 3 . 6 3 1 . 7 . 1 12 . 1 11 Energy Gun 24 | . 4 2 . 1 . 1 1 . . 5 . 1 4 . 1 4 Energy Cannon 2 | . . . . . . . . . . . . . 1 . . 1 Ballistic Gun 10 | . . 2 . . . 2 2 1 . 1 . . 1 . . 1 Ballistic Cannon 13 | . . . . . . 1 . . . 1 . . 6 . . 5 Launcher 1 | . . . . 1 . . . . . . . . . . . . Special Weapon . | . . . . . . . . . . . . . . . . . Impact Weapon . | . . . . . . . . . . . . . . . . . Slashing Weapon 3 | . . . . 1 . 2 . . . . . . . . . . Piercing Weapon . | . . . . . . . . . . . . . . . . . Special Melee Weapon . | . . . . . . . . . . . . . . . . . Unidentified Prototypes 17 | . . 3 . 2 1 1 4 . 1 1 . . 1 . . 3 Corrupted Parts 5 | . . . . . . 1 . . . 2 . . . . . 2 System Corruption 8 | . . . . . . 1 . . . 3 . . . . . 4 Parts Lost 54 | . . 1 . 1 1 8 8 . . 4 . 5 13 . 1 12 Power 11 | . . 1 . 1 . 3 1 . . . . 1 2 . . 2 Propulsion 14 | . . . . . . 3 4 . . 1 . 2 3 . . 1 Utility 17 | . . . . . 1 1 2 . . 2 . 1 4 . . 6 Weapon 12 | . . . . . . 1 1 . . 1 . 1 4 . 1 3 Highest Loss Streak 13 | . . 1 . 1 1 4 8 . . 1 . 4 13 . 1 3 To Critical Strikes 3 | . . . . . . . 2 . . 1 . . . . . . Average Slot Usage (%) 81 | . 96 92 100 94 90 85 65 82 87 88 93 82 56 80 77 77 Engine 3 | . 12 9 16 11 11 4 . . . 2 7 9 . . . . Core 5 | . . . . . . 2 5 6 6 2 . . 6 15 15 8 Reactor 2 | . . . . . . 1 5 6 6 5 3 . 3 . . 4 Treads 12 | . . . . . . . 5 20 25 23 26 24 12 15 15 12 Leg 1 | . 24 12 . . . . . . . . . . . . . . Flight 7 | . . 10 33 35 36 33 2 . . . . . . . . . Device 13 | . . 10 8 9 17 16 6 6 10 14 22 17 10 15 12 15 Storage 3 | . 12 10 8 7 6 6 6 6 6 4 . . . . . 2 Processor 9 | . 12 10 8 5 5 6 6 6 6 5 5 5 9 20 20 9 Protection 6 | . 12 10 8 13 4 6 15 18 13 12 11 8 . . . 5 Energy Gun 6 | . 21 18 8 2 . . 2 5 . 8 11 11 4 . 4 9 Ballistic Gun 3 | . . 1 8 . . 1 8 6 12 6 5 5 3 5 5 2 Ballistic Cannon 1 | . . . . . . . . . . . . . 4 5 5 3 Naked Turns 83 | . . . . . . . . . . . . . 83 . . . Heaviest Build 104 | 13 18 19 18 27 34 41 64 64 64 73 66 55 55 43 43 104 Greatest Support 230 | 20 20 20 20 25 33 33 80 149 149 176 177 177 230 230 230 230 Greatest Overweight (x) 11 | . 1 2 . 1 1 1 11 . . . . . 1 . . . Average Overweight (x) . | . . . . . . . . . . . . . . . . . Largest Inventory Capacity 15 | 10 10 10 8 8 8 8 8 8 8 8 5 5 5 5 5 15 Average Capacity 6 | 7 10 8 8 8 8 8 8 8 8 7 5 5 5 5 5 8 Most Carried 8 | 3 3 8 7 8 8 7 8 8 8 8 5 4 5 5 5 7 Average Carried 4 | 1 . 2 6 6 7 4 7 7 7 6 4 3 2 4 4 2 Final Capacity 15 | 10 10 8 8 8 8 8 8 8 8 5 5 5 5 5 5 15 Final Carried 8 | 3 1 8 6 7 7 6 8 7 8 5 4 3 4 5 3 4 Class Distribution -------------------- 22% | Scavenger-Gunner 21% | Scavenger-Mutant 17% | Hacker-Mutant 17% | Scavenger-Tank 13% | Hacker-Sprinter 3% | Scavenger-Skirmisher Dominant Class ---------------- Hacker-Mutant | -10/Materials Hacker-Mutant | -9/Materials Hacker-Sprinter | -8/Materials Hacker-Sprinter | -7/Factory Hacker-Sprinter | -6/Factory Hacker-Mutant | -6/Extension Scavenger-Mutant | -6/Cetus Scavenger-Mutant | -6/Archives Scavenger-Mutant | -6/Hub_04(d) Scavenger-Tank | -5/Factory Scavenger-Tank | -5/Upper Caves Scavenger-Tank | -5/Upper Caves Scavenger-Skirmisher | -4/Factory Scavenger-Gunner | -4/Upper Caves Scavenger-Gunner | -4/Upper Caves Scavenger-Gunner | -3/Research Resources | -11 -10 -9 -8 -7 -6 -6 -6 -6 -6 -5 -5 -5 -4 -4 -4 -3 ----------- Run | Jun Mat Mat Mat Fac Fac Ext Cet Arc Hub Fac Upp Upp Fac Upp Upp Res Matter Collected 5640 | 202 58 188 43 260 142 275 252 10 150 332 487 167 1305 307 186 1276 Remotely 630 | . . . . . . . . . . . . . . . . 630 Salvage Created 11283 | . 128 525 12 587 627 893 406 125 284 1269 1066 440 2108 658 351 1804 Parts 470 | . 5 37 2 25 28 34 19 7 17 64 27 20 84 24 10 67 Haulers Intercepted 8 | . . . . 1 . 4 . . 1 1 . . . . . 1 Recyclers Shooed 2 | . . . . . . . . . . 1 . . 1 . . . Parts Field Recycled . | . . . . . . . . . . . . . . . . . Retrieved Matter . | . . . . . . . . . . . . . . . . . Parts Self-Destructed . | . . . . . . . . . . . . . . . . . Prevented . | . . . . . . . . . . . . . . . . . Kills | -11 -10 -9 -8 -7 -6 -6 -6 -6 -6 -5 -5 -5 -4 -4 -4 -3 ------- Run | Jun Mat Mat Mat Fac Fac Ext Cet Arc Hub Fac Upp Upp Fac Upp Upp Res Combat Hostiles Destroyed 181 | . 2 16 . 8 10 8 6 1 2 13 16 9 43 14 6 27 Melee 22 | . . . . 4 10 7 . . . . . 1 . . . . Guns 96 | . 2 15 . . . . 6 1 2 12 13 8 12 5 1 19 Cannons 44 | . . . . . . . . . . . . . 23 9 5 7 AOE 12 | . . . . 4 . . . . . . 2 . 6 . . . Classes Destroyed 17 | . 2 2 1 6 . . 1 . 1 . 1 1 2 . . . Worker 13 | . . . . 2 . . . . 5 3 . . 3 . . . Builder 4 | . . . . 1 . 2 . . . . . . . . . 1 Tunneler 1 | . . . . . . . . . . . . . 1 . . . Hauler 8 | . . . . 1 . 4 . . 1 1 . . . . . 1 Recycler 4 | . . . . 1 . . . . . 1 . . 1 . . 1 Operator 6 | . . . 1 3 . 1 . 1 . . . . . . . . Watcher 17 | . 2 3 . 2 . . 1 . . 5 . . 3 . . 1 Swarmer 33 | . . 9 . . . 2 . . . . . 3 4 7 1 7 Saboteur 1 | . . . . . . . . . . . . 1 . . . . Grunt 62 | . 2 3 . 4 7 2 . . 1 6 7 2 11 6 3 8 Brawler 5 | . . . . . . . 1 . . . 1 2 . 1 . . Duelist 4 | . . . . . . . . . . . 3 1 . . . . Sentry 21 | . . 4 . 1 2 3 . 1 . 1 1 . 3 . 1 4 Hunter 13 | . . . . 1 . . 2 . . 4 . . 6 . . . Programmer 24 | . . . . 2 1 1 1 . . 2 . . 8 . 1 8 Behemoth 1 | . . . . . . . . . 1 . . . . . . . Cetus Guard 2 | . . . . . . . 2 . . . . . . . . . Assembled 11 | . . . . . . . . . . . . . 11 . . . Thug 4 | . . . . . . . . . . . 4 . . . . . Best Kill Streak 11 | . 3 6 2 5 4 3 3 2 5 4 5 4 11 8 3 4 Combat Bots Only 11 | . 2 6 . 4 4 3 2 1 1 4 5 4 11 8 3 4 Max Kills in Single Turn 4 | . 1 2 1 2 1 1 2 2 4 2 1 2 4 1 1 2 Gunslinging 1 | . . 1 . . . . . . . 1 . 1 1 . . . Exploded 4 | . . . . 2 . . . . . . 1 . 4 . . . Melee 1 | . . . . 1 1 1 . . . . . 1 . . . . Uniques/NPCs Destroyed . | . . . . . . . . . . . . . . . . . Combat | -11 -10 -9 -8 -7 -6 -6 -6 -6 -6 -5 -5 -5 -4 -4 -4 -3 -------- Run | Jun Mat Mat Mat Fac Fac Ext Cet Arc Hub Fac Upp Upp Fac Upp Upp Res Damage Taken 12734 | . 27 315 . 184 182 851 673 60 185 1619 379 776 3326 272 205 3680 Core 3002 | . . 45 . 26 35 248 115 . 7 213 25 66 833 36 12 1341 Absorbed by Shields 144 | . . . . . . 144 . . . . . . . . . . Redirected to Shielding 100 | . 2 22 . 25 . 37 14 . . . . . . . . . Regen/Repaired (Parts) 87 | . . 56 . . 31 . . . . . . . . . . . Core Remaining (%) 78 | 100 100 88 100 96 . . . . 52 . . 69 . . 23 . Volleys Fired 543 | . 9 34 1 23 . 30 28 4 11 69 44 18 113 23 11 125 Largest 4 | . 2 2 2 2 . 2 2 2 2 3 3 3 4 3 3 4 Hottest 333 | . 100 100 73 81 . 68 115 275 70 310 333 189 253 181 188 332 Shots Fired 1126 | . 18 68 2 28 . 33 39 5 24 158 86 50 260 71 34 250 Gun 816 | . 18 68 2 14 . 28 39 5 24 158 86 50 132 23 19 150 Cannon 296 | . . . . . . 5 . . . . . . 128 48 15 100 Launcher 14 | . . . . 14 . . . . . . . . . . . . Special . | . . . . . . . . . . . . . . . . . Kinetic 575 | . . 6 1 . . 26 35 4 24 67 45 18 150 46 24 129 Thermal 312 | . 18 62 1 . . . 4 1 . 47 17 18 46 . 7 91 Explosive 14 | . . . . 14 . . . . . . . . . . . . Electromagnetic 225 | . . . . 14 . 7 . . . 44 24 14 64 25 3 30 Robot Hit Streak 50 | . 13 26 1 7 . 8 31 5 16 29 27 28 50 22 23 26 Robot Miss Streak 3 | . 1 2 1 2 . 3 1 1 2 2 2 2 2 1 3 3 Penetration Max 1 | . . . . . . 1 1 1 1 1 1 1 1 1 1 . Secondary Targets 22 | . . 5 . . . . . . . 3 4 4 3 . . 3 Max Gunslinging Chain 2 | . . 1 . . . . . . . 1 1 2 1 . . 1 Capacitor 7 | . . . . . . . . . . . . . . . . 7 Shots Hit Robots 942 | . 17 59 1 32 22 75 30 4 19 126 70 42 204 53 24 164 Core Hits 433 | . 7 26 1 42 10 21 13 4 19 49 31 17 90 24 13 66 Critical Kills 10 | . . . . . . . 3 1 1 1 1 1 . . . 2 Critical Parts Destroyed 8 | . . . . . . . . . 2 2 1 1 . . . 2 Critical Strikes 57 | . 1 4 . . . 8 3 1 4 4 4 2 7 1 4 14 Burn 11 | . 1 4 . . . . . . . . . . 1 . 1 4 Destroy 20 | . . . . . . . 3 1 4 3 2 2 . . . 5 Blast 13 | . . . . . . . . . . . . . 4 1 3 5 Corrupt 5 | . . . . . . . . . . 1 2 . 2 . . . Sever 8 | . . . . . . 8 . . . . . . . . . . Melee Attacks 104 | . . . . 11 26 61 6 . . . . . . . . . Impact . | . . . . . . . . . . . . . . . . . Slashing 104 | . . . . 11 26 61 6 . . . . . . . . . Piercing . | . . . . . . . . . . . . . . . . . Sneak Attacks 9 | . . . . . 3 6 . . . . . . . . . . Combat Hostiles 5 | . . . . . 3 2 . . . . . . . . . . Follow-up Attacks . | . . . . . . . . . . . . . . . . . Damage Inflicted 30694 | . 213 766 15 2107 1366 3328 888 143 1126 3520 1932 808 7190 1641 695 4956 Guns 15308 | . 213 766 15 242 . 313 639 143 568 3247 1764 803 2388 464 392 3351 Cannons 6784 | . . . . . . 89 . . . . . . 3610 1177 303 1605 Explosions 3413 | . . . . 1224 . . . . 558 273 168 . 1190 . . . Melee 5182 | . . . . 641 1366 2926 249 . . . . . . . . . Ramming 7 | . . . . . . . . . . . . 5 2 . . . Kinetic 11451 | . . 89 15 . . 402 569 107 568 1327 729 251 3777 1003 453 2161 Thermal 7351 | . 213 677 . 46 . . 70 36 . 1286 698 366 1579 . 174 2206 Explosive 1640 | . . . . 946 . . . . . 197 . . 497 . . . Electromagnetic 5063 | . . . . 474 . . . . 558 710 505 186 1335 638 68 589 Impact . | . . . . . . . . . . . . . . . . . Slashing 5182 | . . . . 641 1366 2926 249 . . . . . . . . . Piercing . | . . . . . . . . . . . . . . . . . Highest Corruption 16 | . . 1 . . . 2 2 2 2 6 6 6 6 6 7 16 Average Corruption 4 | . . 1 . . . 1 2 2 2 3 6 6 3 6 6 6 Corruption Purged . | . . . . . . . . . . . . . . . . . Corruption Blocked . | . . . . . . . . . . . . . . . . . Effects 205 | . . 2 . . . 6 4 4 8 4 58 3 27 10 38 41 Message Errors 52 | . . 1 . . . 2 1 . 2 . 14 1 8 2 10 11 Matter Fused 44 | . . . . . . 2 2 2 2 . 15 . 5 3 8 5 Heat Flow Errors 23 | . . . . . . 1 1 . . 2 4 . 5 . 4 6 Energy Discharges 19 | . . . . . . 1 . . 1 . 7 . 2 1 2 5 Parts Rejected 2 | . . . . . . . . . . . . 1 . . 1 . Parts Fused 3 | . . . . . . . . 1 . . . . . 1 . 1 Data Loss (minor) 30 | . . 1 . . . . . 1 1 1 8 1 4 1 6 6 Data Loss (major) 10 | . . . . . . . . . . 1 5 . 1 . 3 . Misfires 10 | . . . . . . . . . 2 . 1 . . 2 2 3 Alerts 4 | . . . . . . . . . . . 2 . . . 2 . Weapon Failures 8 | . . . . . . . . . . . 2 . 2 . . 4 Overload Shots 15 | . . . . . . . . 1 . 5 9 . . . . . Effects 1 | . . . . . . . . . . . 1 . . . . . Heat Surge 1 | . . . . . . . . . . . 1 . . . . . Overflow Damage 1101 | . . . . 123 189 389 . . . . . . 346 . . 54 Projectiles 176 | . . . . . . . . . . . . . 122 . . 54 Explosions 291 | . . . . 67 . . . . . . . . 224 . . . Melee 634 | . . . . 56 189 389 . . . . . . . . . . Knockbacks 31 | . . . . . . . . . . . . 1 21 . 2 7 Impact 1 | . . . . . . . . . . . . 1 . . . . Kinetic 28 | . . . . . . . . . . . . . 19 . 2 7 Secondary 2 | . . . . . . . . . . . . . 2 . . . Self-Inflicted Damage 313 | . . . . 14 . . . . 68 103 24 . 104 . . . Shots 8 | . . . . 1 . . . . 1 2 1 . 3 . . . Rammed 3 | . . . . . . . . . . . . 1 2 . . . Targets Rammed 3 | . . . . . . . . . . . . 1 2 . . . Kicked . | . . . . . . . . . . . . . . . . . Crushed . | . . . . . . . . . . . . . . . . . Highest Temperature 734 | . 240 224 25 66 2 110 192 195 9 586 660 615 558 110 223 734 Average Temperature 159 | . 88 65 12 18 2 40 56 111 4 173 171 255 173 37 45 264 Received Heat Transfer 3401 | . 24 87 . 66 126 359 90 . 54 381 405 558 755 51 21 424 Effects 146 | . 1 . . . . . . . . 20 6 18 14 . . 87 Shutdowns 53 | . . . . . . . . . . 9 3 4 6 . . 31 Energy Bleed 9 | . 1 . . . . . . . . . 1 2 1 . . 4 Interference 27 | . . . . . . . . . . 6 . 5 1 . . 15 Matter Decay 13 | . . . . . . . . . . . 1 2 1 . . 9 Short Circuit 8 | . . . . . . . . . . 3 . . 2 . . 3 Damage (minor) 9 | . . . . . . . . . . 1 1 1 1 . . 5 Damage (major) 20 | . . . . . . . . . . . . 4 1 . . 15 Damage (core) 7 | . . . . . . . . . . 1 . . 1 . . 5 Siege Activations . | . . . . . . . . . . . . . . . . . Robots Corrupted 3 | . . . . . . . . . . 1 . . 2 . . . Combat Hostiles 3 | . . . . . . . . . . 1 . . 2 . . . Parts Fried 18 | . . . . 2 . . . . . 2 1 . 7 2 . 4 Impact Corruptions . | . . . . . . . . . . . . . . . . . Robots Melted 3 | . . 1 . . . . . . . . 1 . . . . 1 Combat Hostiles 3 | . . 1 . . . . . . . . 1 . . . . 1 Parts Melted 29 | . 1 5 . . . 1 . . . 5 4 . 2 . . 11 Heat Transferred 11092 | . 703 2294 . 50 . . 74 50 . 1371 685 518 1832 . 296 3219 Parts Sabotaged 3 | . . . . . . . . . . . . 3 . . . . Parts Stolen . | . . . . . . . . . . . . . . . . . Parts Stripped . | . . . . . . . . . . . . . . . . . Power Chain Reactions 8 | . . . . 1 . . . . . 2 2 . 3 . . . Missiles Intercepted . | . . . . . . . . . . . . . . . . . Alert | -11 -10 -9 -8 -7 -6 -6 -6 -6 -6 -5 -5 -5 -4 -4 -4 -3 ------- Run | Jun Mat Mat Mat Fac Fac Ext Cet Arc Hub Fac Upp Upp Fac Upp Upp Res Peak Influence 696 | . 109 346 130 696 487 406 255 139 530 379 . . 542 . . 220 Initial 190 | . . 32 80 42 169 76 . 2 33 190 . . 76 . . . Average 178 | . 49 186 100 440 332 245 96 123 228 147 . . 188 . . 74 Maximum Alert Level 2 | . . 1 . 2 2 2 1 . 2 1 . . 2 . . 1 Low Security (%) 61 | 100 100 47 100 13 13 36 89 100 24 69 . . 59 . . 94 Level 1 29 | . . 52 . 13 50 60 10 . 71 30 . . 23 . . 5 Level 2 9 | . . . . 73 36 3 . . 3 . . . 16 . . . Level 3 . | . . . . . . . . . . . . . . . . . Level 4 . | . . . . . . . . . . . . . . . . . Level 5 . | . . . . . . . . . . . . . . . . . High Security . | . . . . . . . . . . . . . . . . . Max Security . | . . . . . . . . . . . . . . . . . Squads Dispatched 35 | . . 3 . 5 4 5 . . 3 5 . 1 6 . . 3 Investigation 12 | . . . . 2 3 3 . . 2 1 . . 1 . . . Extermination 10 | . . . . 1 . . . . . 2 . . 4 . . 3 Reinforcement 12 | . . 3 . 2 1 2 . . 1 2 . . 1 . . . Assault 1 | . . . . . . . . . . . . 1 . . . . Garrison . | . . . . . . . . . . . . . . . . . Intercept . | . . . . . . . . . . . . . . . . . Searches Triggered . | . . . . . . . . . . . . . . . . . Construction Impeded 3 | . . . . 1 . . . . . 1 . . 1 . . . Haulers Reinforced 2 | . . . . 1 . . . . 1 . . . . . . . Active Scanning Responses . | . . . . . . . . . . . . . . . . . Cargo Convoy Interrupts . | . . . . . . . . . . . . . . . . . Stealth | -11 -10 -9 -8 -7 -6 -6 -6 -6 -6 -5 -5 -5 -4 -4 -4 -3 --------- Run | Jun Mat Mat Mat Fac Fac Ext Cet Arc Hub Fac Upp Upp Fac Upp Upp Res Distress Signals 14 | . 1 . 2 1 . 1 1 . 2 1 . . 3 . . 2 Communications Jammed . | . . . . . . . . . . . . . . . . . Distress Signals . | . . . . . . . . . . . . . . . . . Times Spotted 291 | . 5 19 5 19 16 37 10 4 11 27 17 19 54 12 6 30 Peak Tracking Total 11 | . 2 5 8 6 4 7 5 1 3 6 3 11 6 3 2 5 Tactical Retreats 18 | . . . 1 4 2 3 . . . 3 . 2 2 . . 1 Traps | -11 -10 -9 -8 -7 -6 -6 -6 -6 -6 -5 -5 -5 -4 -4 -4 -3 ------- Run | Jun Mat Mat Mat Fac Fac Ext Cet Arc Hub Fac Upp Upp Fac Upp Upp Res Traps Triggered 9 | . 1 2 . . . 1 . . . . . . 3 . . 2 Indirectly . | . . . . . . . . . . . . . . . . . Trap Hack Attempts . | . . . . . . . . . . . . . . . . . Triggered . | . . . . . . . . . . . . . . . . . Disarmed . | . . . . . . . . . . . . . . . . . Reprogrammed . | . . . . . . . . . . . . . . . . . Reused . | . . . . . . . . . . . . . . . . . Traps Extracted . | . . . . . . . . . . . . . . . . . Installed . | . . . . . . . . . . . . . . . . . Triggered . | . . . . . . . . . . . . . . . . . Machines | -11 -10 -9 -8 -7 -6 -6 -6 -6 -6 -5 -5 -5 -4 -4 -4 -3 ---------- Run | Jun Mat Mat Mat Fac Fac Ext Cet Arc Hub Fac Upp Upp Fac Upp Upp Res Machines Disabled 71 | . . . . 29 . 2 7 2 9 5 . . 17 . . . Max in Single Turn 15 | . . . . 15 . 1 1 . 5 2 . . 13 . . . Network Hub 1 | . . . . . . . . . 1 . . . . . . . Machines Repaired . | . . . . . . . . . . . . . . . . . Machines Sabotaged . | . . . . . . . . . . . . . . . . . Overloaded Fab Kills . | . . . . . . . . . . . . . . . . . Hacking | -11 -10 -9 -8 -7 -6 -6 -6 -6 -6 -5 -5 -5 -4 -4 -4 -3 --------- Run | Jun Mat Mat Mat Fac Fac Ext Cet Arc Hub Fac Upp Upp Fac Upp Upp Res Machines Accessed 47 | . 3 2 2 7 5 11 3 . 1 3 . . 5 . . 5 Terminals 32 | . 3 1 2 5 1 11 3 . 1 . . . 3 . . 2 Fabricators 8 | . . . . 2 1 . . . . 2 . . 2 . . 1 Repair Stations 5 | . . 1 . . 2 . . . . 1 . . . . . 1 Recycling Units . | . . . . . . . . . . . . . . . . . Scanalyzers 1 | . . . . . . . . . . . . . . . . 1 Garrison Access 1 | . . . . . 1 . . . . . . . . . . . Total Hacks 90 | . 3 3 2 16 11 14 6 . 2 9 . . 14 . . 10 Successful 53 | . 3 3 2 6 6 9 5 . . 3 . . 7 . . 9 Failed 37 | . . . . 10 5 5 1 . 2 6 . . 7 . . 1 Catastrophic 3 | . . . . 1 1 . . . . . . . 1 . . . Database Lockouts . | . . . . . . . . . . . . . . . . . Manual 24 | . 3 1 2 7 1 . 5 . . . . . 5 . . . Terminals 53 | . 3 1 2 11 1 14 6 . 2 . . . 10 . . 3 Fabricators 17 | . . . . 5 2 . . . . 3 . . 4 . . 3 Repair Stations 16 | . . 2 . . 6 . . . . 6 . . . . . 2 Recycling Units . | . . . . . . . . . . . . . . . . . Scanalyzers 2 | . . . . . . . . . . . . . . . . 2 Garrison Access 2 | . . . . . 2 . . . . . . . . . . . Terminal Hacks 23 | . . . . 3 . 9 5 . . . . . 4 . . 2 Record 7 | . . . . . . . 5 . . . . . 2 . . . Part Schematic 2 | . . . . 1 . . . . . . . . 1 . . . Robot Analysis 2 | . . . . 2 . . . . . . . . . . . . Prototype ID Bank 1 | . . . . . . . . . . . . . . . . 1 Open Door 9 | . . . . . . 9 . . . . . . . . . . Level Access Points 1 | . . . . . . . . . . . . . . . . 1 Emergency Access Points 1 | . . . . . . . . . . . . . 1 . . . Fabricator Hacks 10 | . . . . . 2 . . . . 2 . . 3 . . 3 Network Status 1 | . . . . . . . . . . 1 . . . . . . Load Schematic 3 | . . . . . 1 . . . . . . . 1 . . 1 Build 6 | . . . . . 1 . . . . 1 . . 2 . . 2 Repair Station Hacks 8 | . . 2 . . 3 . . . . 1 . . . . . 2 Scan Component 5 | . . 1 . . 2 . . . . 1 . . . . . 1 Repair 3 | . . 1 . . 1 . . . . . . . . . . 1 Recycling Unit Hacks . | . . . . . . . . . . . . . . . . . Scanalyzer 2 | . . . . . . . . . . . . . . . . 2 Insert Component 1 | . . . . . . . . . . . . . . . . 1 Analyze 1 | . . . . . . . . . . . . . . . . 1 Garrison Access Hacks . | . . . . . . . . . . . . . . . . . Unauthorized Hacks 10 | . 3 1 2 3 1 . . . . . . . . . . . Terminals 10 | . 3 1 2 3 1 . . . . . . . . . . . Botnet 10 | . 3 1 2 3 1 . . . . . . . . . . . Fabricators . | . . . . . . . . . . . . . . . . . Repair Stations . | . . . . . . . . . . . . . . . . . Recycling Units . | . . . . . . . . . . . . . . . . . Scanalyzers . | . . . . . . . . . . . . . . . . . Garrison Access . | . . . . . . . . . . . . . . . . . Data Cores Recovered 3 | . . . 1 2 . . . . . . . . . . . . Used 2 | . . . 1 1 . . . . . . . . . . . . Hacking Detections 31 | . 2 1 . 6 3 5 4 . 1 1 . . 4 . . 4 Full Trace Events 10 | . . . . 2 3 2 . . 1 1 . . 1 . . . Feedback Events . | . . . . . . . . . . . . . . . . . Feedback Blocked . | . . . . . . . . . . . . . . . . . Robot Schematics Acquired . | . . . . . . . . . . . . . . . . . Robots Built 2 | . . . . . . . . . . . . . 1 . . 1 Authchips . | . . . . . . . . . . . . . . . . . Time 242 | . . . . . . . . . . 134 . . 81 . . 27 Total Robot Build Rating 2 | . . . . . . . . . . . . . 1 . . 1 Part Schematics Acquired 3 | . . . . 1 . . . . . . . . 1 . . 1 Parts Built 6 | . . . . . 2 . . . . . . . 2 . . 2 Authchips . | . . . . . . . . . . . . . . . . . Time 203 | . . . . . 95 . . . . . . . 69 . . 39 Total Part Build Rating 42 | . . . . . 10 . . . . . . . 18 . . 14 Parts Repaired 2 | . . 1 . . 1 . . . . . . . . . . . Time 59 | . . 26 . . 13 . . . . . . . . . . 20 Parts Recycled . | . . . . . . . . . . . . . . . . . Recycled Matter . | . . . . . . . . . . . . . . . . . Retrieved Matter . | . . . . . . . . . . . . . . . . . Retrieved Components . | . . . . . . . . . . . . . . . . . Parts Scanalyzed 1 | . . . . . . . . . . . . . . . . 1 Part Schematics Acquired 1 | . . . . . . . . . . . . . . . . 1 Parts Damaged 1 | . . . . . . . . . . . . . . . . 1 Bothacking | -11 -10 -9 -8 -7 -6 -6 -6 -6 -6 -5 -5 -5 -4 -4 -4 -3 ------------ Run | Jun Mat Mat Mat Fac Fac Ext Cet Arc Hub Fac Upp Upp Fac Upp Upp Res Used RIF Installer . | . . . . . . . . . . . . . . . . . Robots Hacked . | . . . . . . . . . . . . . . . . . Non-combat . | . . . . . . . . . . . . . . . . . Combat . | . . . . . . . . . . . . . . . . . Robot Hacks Applied . | . . . . . . . . . . . . . . . . . Relay Couplers Released . | . . . . . . . . . . . . . . . . . Fabnet Peak Effective % . | . . . . . . . . . . . . . . . . . Robots Rewired 2 | . . . . . . . . . . . 2 . . . . . Allies Hacked . | . . . . . . . . . . . . . . . . . Hacks Repelled . | . . . . . . . . . . . . . . . . . Allies | -11 -10 -9 -8 -7 -6 -6 -6 -6 -6 -5 -5 -5 -4 -4 -4 -3 -------- Run | Jun Mat Mat Mat Fac Fac Ext Cet Arc Hub Fac Upp Upp Fac Upp Upp Res Total Allies 22 | . . . . . . 13 5 . . . 2 . 1 . . 1 Largest Group 10 | . . . . . . 10 6 6 6 2 2 . 1 . . 1 Highest-Rated Group 519 | . . . . . . 426 519 519 519 192 79 . 10 . . 10 Highest-Rated Ally 159 | . . . . . . 159 129 96 96 96 49 . 10 . . 10 Total Orders . | . . . . . . . . . . . . . . . . . Ally Attacks 323 | . . . . . . 219 36 15 44 . 9 . . . . . Total Damage 8227 | . . . . . . 4829 799 509 1797 . 293 . . . . . Kills 54 | . . . . . . 35 4 3 11 . 1 . . . . . Allies Corrupted . | . . . . . . . . . . . . . . . . . Allies Melted 1 | . . . . . . . . . 1 . . . . . . . Intel | -11 -10 -9 -8 -7 -6 -6 -6 -6 -6 -5 -5 -5 -4 -4 -4 -3 ------- Run | Jun Mat Mat Mat Fac Fac Ext Cet Arc Hub Fac Upp Upp Fac Upp Upp Res Robot Analysis Total 2 | . . . . 2 . . . . . . . . . . . . Derelict Logs Recovered 3 | . . . . . . . . . . . 1 . . . 2 . Drone Launches 2 | . . . . . . . . . . . . . . . . 2 Drone Recoveries . | . . . . . . . . . . . . . . . . . Exploration | -11 -10 -9 -8 -7 -6 -6 -6 -6 -6 -5 -5 -5 -4 -4 -4 -3 ------------- Run | Jun Mat Mat Mat Fac Fac Ext Cet Arc Hub Fac Upp Upp Fac Upp Upp Res Turns Passed 12410 | 61 300 550 52 443 419 1600 498 182 279 1129 1612 141 1595 426 1408 1715 Spaces Moved 8886 | 44 195 561 151 1052 638 1516 246 99 153 519 911 52 875 218 852 804 Core 238 | 6 . . . . . . 2 . . . . . 230 . . . Treads 4448 | . . . . . . . 195 99 153 519 911 52 645 218 852 804 Legs 451 | 38 195 218 . . . . . . . . . . . . . . Wheels . | . . . . . . . . . . . . . . . . . Hover . | . . . . . . . . . . . . . . . . . Flight 3749 | . . 343 151 1052 638 1516 49 . . . . . . . . . Fastest Speed 24 | 50 120 34 31 28 25 24 27 160 160 160 160 160 50 160 160 152 Average Speed 105 | 110 121 67 31 28 26 61 139 160 160 160 160 160 132 160 160 158 Slowest Speed 600 | 120 190 180 31 98 97 105 600 160 160 162 160 160 160 160 160 163 Overloaded Moves . | . . . . . . . . . . . . . . . . . Propulsion Burnouts . | . . . . . . . . . . . . . . . . . Robots Hopped 7 | . . 5 1 1 . . . . . . . . . . . . Cave-ins Triggered 1 | . . . . . . . . . . . . . . . . 1 Exploration Rate (%) 43 | 4 32 52 24 37 17 95 66 87 33 19 80 11 26 41 82 25 Regions Visited 16 Branch Regions 8 Pre-discovered Areas 1 | . . . . . . . . . . . 1 . . . . . Known Exits Taken 16 | 1 1 1 1 1 1 1 1 1 1 1 1 1 1 1 1 . Unknown Exits Taken . | . . . . . . . . . . . . . . . . . Scrap Searched 6 | . . . . . . . . . . . 3 1 . . 2 . Spaces Dug 59 | . . . . 19 3 . . . . 1 . . 3 . . 33 Terrain Destroyed 552 | . . . . 107 3 . 3 2 147 58 34 1 124 13 10 50 Melee 3 | . . . . . 3 . . . . . . . . . . . Projectile 124 | . . . . . . . 3 2 3 13 5 1 24 13 10 50 AOE 425 | . . . . 107 . . . . 144 45 29 . 100 . . . Terrain Rammed . | . . . . . . . . . . . . . . . . . Walls Destroyed . | . . . . . . . . . . . . . . . . . Machines Disabled . | . . . . . . . . . . . . . . . . . Actions | -11 -10 -9 -8 -7 -6 -6 -6 -6 -6 -5 -5 -5 -4 -4 -4 -3 --------- Run | Jun Mat Mat Mat Fac Fac Ext Cet Arc Hub Fac Upp Upp Fac Upp Upp Res Total 10808 | 56 240 655 152 1143 837 2051 351 118 165 684 994 71 1115 244 874 1058 Wait 851 | . 27 32 . 28 143 413 49 8 . 57 14 . 46 . . 34 Move 8855 | 43 194 550 148 1049 637 1515 245 98 152 518 910 51 874 217 851 803 Hop 7 | . . 5 1 1 . . . . . . . . . . . . Pick Up 160 | 8 4 15 . 12 11 10 10 3 1 14 3 . 26 2 4 37 Fast Attach . | . . . . . . . . . . . . . . . . . Attach 142 | 5 6 7 2 4 6 14 7 3 . 14 1 1 36 . 4 32 Detach 23 | . . 1 . . 2 3 . . . 1 . . 11 . . 5 Swap 42 | . . 7 . 7 6 2 4 1 1 4 1 . 3 1 . 5 Drop 60 | . . 4 . 8 6 3 2 1 . 7 4 . 4 1 4 16 Fire 543 | . 9 34 1 23 . 30 28 4 11 69 44 18 113 23 11 125 Melee 104 | . . . . 11 26 61 6 . . . . . . . . . Ram 2 | . . . . . . . . . . . . . 2 . . . Kick . | . . . . . . . . . . . . . . . . . Crush 1 | . . . . . . . . . . . . 1 . . . . Escape Stasis 1 | . . . . . . . . . . . . . . . . 1 Rewire 17 | . . . . . . . . . . . 17 . . . . . Trap . | . . . . . . . . . . . . . . . . . Miscellaneous . | . . . . . . . . . . . . . . . . . Route ------- -11/Junkyard -10/Materials -9/Materials (discovered 2 exits: *Mat / *Min) -8/Materials -7/Factory -6/Factory -6/Extension (discovered 3 exits: *Fac x2 / *Cet) -6/Cetus -6/Archives (discovered 3 exits: *Fac / *Hub x2) -6/Hub_04(d) -5/Factory -5/Upper Caves -5/Upper Caves -4/Factory -4/Upper Caves -4/Upper Caves -3/Research (discovered 3 exits: Res x3) History --------- Turn | Location | Event 13 | -11/Junkyard | Identified exit to Materials 13 | -11/Junkyard | Discovered exit to Materials (range 16) 62 | -11/Junkyard | Entered Materials 62 | -10/Materials | Evolved 1 slot: Utility x1 204 | -10/Materials | Identified exit to Materials 204 | -10/Materials | Discovered exit to Materials (range 3) 313 | -10/Materials | Build established: Hacker-Mutant 362 | -10/Materials | Entered another Materials area 362 | -9/Materials | Evolved 2 slots: Propulsion x1, Utility x1 625 | -9/Materials | Identified exit to Mines 625 | -9/Materials | Discovered exit to Mines (range 14) 757 | -9/Materials | Repaired Med. Laser 899 | -9/Materials | Identified exit to Materials 899 | -9/Materials | Discovered exit to Materials (range 15) 912 | -9/Materials | Entered another Materials area 912 | -8/Materials | Evolved 2 slots: Power x1, Propulsion x1 959 | -8/Materials | Identified exit to Factory 959 | -8/Materials | Discovered exit to Factory (range 16) 964 | -8/Materials | Entered Factory 964 | -7/Factory | Evolved 2 slots: Propulsion x1, Utility x1 1214 | -7/Factory | Build established: Hacker-Sprinter 1403 | -7/Factory | Identified exit to Factory 1403 | -7/Factory | Discovered exit to Factory (range 16) 1407 | -7/Factory | Entered another Factory area 1407 | -6/Factory | Evolved 2 slots: Propulsion x1, Utility x1 1581 | -6/Factory | Repaired Propulsion Shielding? 1794 | -6/Factory | Fabricated Hvy. Pick (x2) 1808 | -6/Factory | Identified exit to Extension 1808 | -6/Factory | Discovered exit to Extension (range 11) 1826 | -6/Factory | Entered Extension 1848 | -6/Extension | Rescued a captive Derelict 1857 | -6/Extension | Rescued a captive Derelict 1858 | -6/Extension | Rescued a captive Derelict 1909 | -6/Extension | Rescued A7 1955 | -6/Extension | Rescued a captive Derelict 1956 | -6/Extension | Rescued a captive Derelict 1961 | -6/Extension | Rescued a captive Derelict 2335 | -6/Extension | Spotted B-75 Beast 2353 | -6/Extension | Spotted B-75 Beast 2364 | -6/Extension | Identified exit to Factory 2364 | -6/Extension | Discovered exit to Factory (range 3) 2375 | -6/Extension | Allies destroyed B-75 Beast 2391 | -6/Extension | Allies destroyed B-75 Beast 2430 | -6/Extension | Lost 4 parts (1p2n1u) 2510 | -6/Extension | Identified exit to Cetus 2510 | -6/Extension | Discovered exit to Cetus (range 15) 2511 | -6/Extension | Discovered exit to Factory (range 15) 2572 | -6/Extension | Rescued a captive Derelict 2573 | -6/Extension | Rescued a captive Derelict 2715 | -6/Extension | Rescued a captive Derelict 2717 | -6/Extension | Rescued a captive Derelict 2729 | -6/Extension | Build established: Hacker-Mutant 2826 | -6/Extension | Rescued a captive Derelict 2827 | -6/Extension | Rescued a captive Derelict 2951 | -6/Extension | Disrupted transfer network 3426 | -6/Extension | Entered Cetus 3426 | -6/Cetus | Accompanied by 4 allies (A7) 3431 | -6/Cetus | Acquired a Cetus Manufacturing Module code from A7 3432 | -6/Cetus | Spotted Cetus Guard 3432 | -6/Cetus | Spotted Cetus Guard 3435 | -6/Cetus | Spotted Cetus Guard 3441 | -6/Cetus | Spotted Cetus Guard 3462 | -6/Cetus | Allies destroyed Cetus Guard 3466 | -6/Cetus | Destroyed Cetus Guard 3468 | -6/Cetus | Destroyed Cetus Guard 3496 | -6/Cetus | Lost 8 parts (1p4n2u1w) 3514 | -6/Cetus | Extracted ID and sensor layout for unrecognized location from A7's data core 3672 | -6/Cetus | Started Cetus Manufacturing Module 3697 | -6/Cetus | Manufactured an Enhanced Grunt 3722 | -6/Cetus | Manufactured an Enhanced Grunt 3747 | -6/Cetus | Manufactured an Enhanced Grunt 3761 | -6/Cetus | Build established: Scavenger-Mutant 3772 | -6/Cetus | Manufactured an Enhanced Grunt 3797 | -6/Cetus | Manufactured an Enhanced Grunt 3835 | -6/Cetus | Found a strange terminal 3893 | -6/Cetus | Identified exit to Archives 3893 | -6/Cetus | Discovered exit to Archives (range 15) 3924 | -6/Cetus | Entered Archives 3924 | -6/Archives | Accompanied by 6 allies 3968 | -6/Archives | Identified exit to Hub_04(d) 3968 | -6/Archives | Discovered exit to Hub_04(d) (range 16) 3983 | -6/Archives | Discovered exit to Hub_04(d) (range 15) 3994 | -6/Archives | Unable to access archive contents 4049 | -6/Archives | Discovered exit to Factory (range 16) 4106 | -6/Archives | Entered Hub_04(d) 4106 | -6/Hub_04(d) | Accompanied by 6 allies 4170 | -6/Hub_04(d) | Found Prototype Device 4171 | -6/Hub_04(d) | Identified Exp. Thermal Shield 4248 | -6/Hub_04(d) | Spotted B-75 Beast 4261 | -6/Hub_04(d) | Destroyed B-75 Beast 4348 | -6/Hub_04(d) | Discovered exit to Factory (range 8) 4374 | -6/Hub_04(d) | Network Hub disabled 4385 | -6/Hub_04(d) | Entered Factory 4385 | -5/Factory | Accompanied by 2 allies 4385 | -5/Factory | Evolved 2 slots: Utility x1, Weapon x1 4627 | -5/Factory | Spotted B-75 Beast 5173 | -5/Factory | Build established: Scavenger-Tank 5445 | -5/Factory | Identified exit to Upper Caves 5445 | -5/Factory | Discovered exit to Upper Caves (range 15) 5514 | -5/Factory | Entered Upper Caves 5623 | -5/Upper Caves | Attracted the attention of an 0b10 outpost 5853 | -5/Upper Caves | Build established: Scavenger-Mutant 6195 | -5/Upper Caves | Build established: Scavenger-Tank 6846 | -5/Upper Caves | Build established: Scavenger-Mutant 6900 | -5/Upper Caves | Learned location of Warlord (-4) 6968 | -5/Upper Caves | Ambushed by wild Derelicts 7107 | -5/Upper Caves | Identified exit to Upper Caves 7107 | -5/Upper Caves | Discovered exit to Upper Caves (range 10) 7126 | -5/Upper Caves | Entered another Upper Caves area 7159 | -5/Upper Caves | Identified exit to Factory 7159 | -5/Upper Caves | Discovered exit to Factory (range 9) 7218 | -5/Upper Caves | Attracted the attention of an 0b10 outpost 7267 | -5/Upper Caves | Entered Factory 7267 | -4/Factory | Evolved 2 slots: Power x1, Weapon x1 7335 | -4/Factory | Destroyed 11 combat bots 7353 | -4/Factory | Lost 13 parts (1p4n4u4w) 7426 | -4/Factory | Fabricated T-07 Excavator? 7644 | -4/Factory | Build established: Hacker-Mutant 7723 | -4/Factory | Fabricated Adv. Heavy Siege Treads (x2) 7796 | -4/Factory | Core integrity fell below 50% 8639 | -4/Factory | Build established: Scavenger-Skirmisher 8674 | -4/Factory | Found Unknown Device 8830 | -4/Factory | Identified exit to Upper Caves 8830 | -4/Factory | Discovered exit to Upper Caves (range 4) 8862 | -4/Factory | Entered Upper Caves 9131 | -4/Upper Caves | Build established: Scavenger-Gunner 9148 | -4/Upper Caves | Destroyed 8 combat bots 9271 | -4/Upper Caves | Identified exit to Upper Caves 9271 | -4/Upper Caves | Discovered exit to Upper Caves (range 12) 9288 | -4/Upper Caves | Entered another Upper Caves area 9294 | -4/Upper Caves | Attracted the attention of an 0b10 checkpoint 9309 | -4/Upper Caves | Identified exit to Research 9309 | -4/Upper Caves | Discovered exit to Research (range 18) 9395 | -4/Upper Caves | Learned Research terminal intel 10130 | -4/Upper Caves | Learned Research terminal intel 10664 | -4/Upper Caves | Identified Quantum Capacitor 10696 | -4/Upper Caves | Entered Research 10696 | -3/Research | Evolved 2 slots: Utility x2 10697 | -3/Research | Loaded intel: 24 terminal locations 11195 | -3/Research | Fabricated T-07 Excavator? 11424 | -3/Research | Lost 3 parts (1n2u) 11459 | -3/Research | Fabricated Hardcell Cannon (x2) 11544 | -3/Research | Core integrity fell below 50% 11800 | -3/Research | Spotted B-86 Titan 12160 | -3/Research | System corruption reached 10% 12189 | -3/Research | Lost 3 parts (1p1u1w) 12246 | -3/Research | Identified exit to Research 12292 | -3/Research | Crushed by falling debris 12323 | -3/Research | Lost 3 parts (1u2w) 12411 | -3/Research | Core integrity fell below 20% 12412 | -3/Research | Core destroyed Last Messages --------------- 12400_ Y-72 Warden Adv. Heat Sink blasted off. 12401_ Acquired 10 matter. 12402_ Overheating: System interference. 12402_ Adv. Heat Sink temporarily disabled. 12402_ Adv. Recalibrator temporarily disabled. 12403_ Y-72 Warden Railgun blasted off. 12404_ Acquired 10 matter. 12404_ Power failure, Mic. Fission Core shutdown. 12404_ Y-72 Warden heat short circuits Med. Treads. 12407_ Destroyed Hvy. Armor Plating. 12407_ Y-72 Warden destroyed. 12408_ Acquired 27 matter. 12408_ Acquired 1 matter. 12408_ Power failure, Lgt. Antimatter Reactor shutdown. 12409_ Overheating: System interference. 12409_ Hardcell Cannon temporarily disabled. 12410_ Overheating: Energy bleed (-56). 12411_ Power failure, Mic. Fission Core shutdown. 12411_ Overheating: Core damaged (-234). 12412_ Overheating: Core damaged (-169). Map ----- +----------------------------------------------------+ | ????? ?????????????????#! """T"" #????????????? | | ????? ?????????????????# "" ############## | | ????? #????????????????# # | | ????? #???????????###### !### ########## | | ????# #???????????# # #????????????? | | ????# #???????????# # #????????????? | | ????# #???????????# + """ """ #????????????? | | ????# #????######## # """ """ #????????????? | | ????# #????# [ # # """ """ #????????????? | | ????# #????# !# # #????????????? | | ###?# #????# # # #????????????? | | #?# #????# # ##############????????????? | | #?# #????#[! ] # ##????????????????????????? | | ### #????# =# !##????????????????????????? | | ##""###### [ + !]#?????????????????????????? | | #] #! = !# ##????????????????????????? | | # # # ########??????????????????? | | # ! # =!# # *#??????????????????? | | # #] !!# # #??????????????????? | | # ! """# # # ///##?????????????????? | | + """#! = # # /// #?????????????????? | | # """### #"## # ///#??????????????????? | | # #?###### # [!#??????????????????? | | # #??????# # #??????????????????? | | ###+############# # #??????????????????? | | # @ #??????????????????? | | # #??????????????????? | | u/ #??????????????????? | | # #??????????????????? | | ###+############# # #??????????????????? | | #???????????????# # #??????????????????? | | #???????????????# #####+##??????????????????? | | #???????????????# ?????????????????????????? | | #???????????????# ?????????????????????????? | | #???????????????# ?????????????????????????? | | #???????????????# ?????????????????????????? | | #???????????????# #?????????????????????????? | | #???????????????# #?????????????????????????? | | ###########T ???# #?????????????????????????? | | ?? #?????????????????????????? | | ?? ??????????????????????????? | | ?? ??????????????????????????? | | ? ??????????????????????????? | | ##############???######??????????????????????????? | | ?????????????????????????????????????????????????? | | ?????????????????????????????????????????????????? | | ?????????????????????????????????????????????????? | | ?????????????????????????????????????????????????? | | ???##?##?????????????????????????????????????????? | | ## #?????????????????????????????????????????? | +----------------------------------------------------+ Best States ------------- Heat Dissipation 84 Energy Generation 45 Energy Capacity 580 Matter Stores 300 Matter Capacity 550 Sight Range 22 Robot Scan Range 16 Terrain Scan Density 10 ECM Strength 2 Jamming Range 14 Armor Coverage 600 Resistance: KI 60 Resistance: TH 65 Resistance: EX 35 Resistance: EM 60 Resistance: I 35 Resistance: S 35 Resistance: P 35 Propulsion Shielding 33 Weapon Shielding 33 Point Defense Rating 80 Evasion (%) 65 Targeting Accuracy 16 Core Analysis 6 Armor Integrity Analysis 30 Recoil Reduction 6 Offensive Hacking 20 Item Schematics ----------------- Hvy. Pick | -7/Factory | Hacked Adv. Heavy Siege Treads | -4/Factory | Hacked Hardcell Cannon | -3/Research | Scanalyzed Robot Schematics ------------------ None Fabricated ------------ Hvy. Pick | x2 | -6/Factory T-07 Excavator | x1 | -4/Factory | Preloaded Adv. Heavy Siege Treads | x2 | -4/Factory T-07 Excavator | x1 | -3/Research | Preloaded Hardcell Cannon | x2 | -3/Research Alien Tech Used ----------------- None Achievements -------------- Project G-00 Challenges ------------ None Game ------ Seed WaveCompositeJammer Manual? 0 Play Time 01:37:06 Cumulative 69.9 hours Start 2023.10.08 @ 17:35:05 End 2023.10.08 @ 19:26:23 Sessions 2 Manual Loads 0 Difficulty Explorer Special Mode None Game No. 98 Rogue 2 Adventurer 1 Explorer 95 Win Type - Total 0 Types 0/0/0/0/0/0/0/0/0 Lore% 50 Gallery% 58 Achievement% 55 Wizard Run 0 Options --------- ASCII 0 Keyboard 0 Movement Mouse Keybinds 0 Fullscreen 2 Font 18/SmallcapsGlow Map View 76x50 Tactical HUD 1 Map Filters NONE Filters NONE Steam 1 RUN: 249a33f7-1a5d-428f-a7b6-d84241bedede